 Dungeon Crawl Stone Soup version 0.19-a0-1568-gdd01aac (webtiles) character file.

310 st0uf the Changer (level 6, -3/51 HPs)
             Began as a Naga Transmuter on Sept 15, 2016.
             Slain by a gnoll (4 damage)
             ... on level 4 of the Dungeon.
             The game lasted 00:14:09 (2861 turns).

st0uf the Changer (Naga Transmuter)                 Turns: 2861, Time: 00:14:09

Health: -3/51      AC:  5    Str: 12    XL:     6   Next: 41%
Magic:  4/11       EV: 10    Int: 15    God:
Gold:   191        SH:  0    Dex: 12    Spells: 3 memorised, 6 levels left

rFire  + . .     SeeInvis +       - Unarmed
rCold  . . .     Gourm    .     b - +0 robe
rNeg   . . .     Faith    .     (no shield)
rPois  +         Spirit   .     q - +0 helmet
rElec  .         Dismiss  .     (no cloak)
rCorr  .         Reflect  .     f - +0 pair of gloves
MR     .....     Harm     .     (no barding)
Stlth  +.........               (no amulet)
                                (no ring)
                                i - ring of protection from fire

@: short of breath, very slow
A: see invisible, deformed body, poison resistance, slowness 2, slow metabolism
1, spit poison 1, AC +2
a: Spit Poison


You were on level 4 of the Dungeon.
You were hungry.

You visited 1 branch of the dungeon, and saw 4 of its levels.

You collected 191 gold pieces.

Inventory:

Missiles
 a - 65 arrows
Armour
 b - a +0 robe (worn)
 f - a +0 pair of gloves (worn)
 q - a +0 helmet (worn)
Jewellery
 i - a ring of protection from fire (left hand)
Scrolls
 e - 4 scrolls of identify {unknown}
 h - a scroll of amnesia {unknown}
 l - a scroll of fog {unknown}
 m - 2 scrolls of recharging {unknown}
 n - 2 scrolls of remove curse {unknown}
Potions
 j - a potion of haste {unknown}
 k - 5 potions of curing {unknown}
Books
 c - a book of Changes

   Spells                             Type                      Level
   a - Beastly Appendage              Transmutation                1
   b - Sticks to Snakes               Transmutation                2
   c - Spider Form                    Transmutation/Poison         3
   d - Ice Form                       Ice/Transmutation            4
   e - Blade Hands                    Transmutation                5
Comestibles
 d - 6 bread rations
 g - 3 meat rations
 o - a slice of pizza
 p - a chunk of flesh
 r - a beef jerky


   Skills:
 + Level 1.4 Fighting
 + Level 0.5 Armour
 + Level 1.8 Dodging
 + Level 3.5 Unarmed Combat
 * Level 3.7 Spellcasting
 + Level 4.7 Transmutations


You had 6 spell levels left.
You knew the following spells:

 Your Spells              Type           Power        Failure   Level  Hunger
a - Beastly Appendage     Tmut           ###...       2%          1    None
b - Sticks to Snakes      Tmut           ###.....     4%          2    ##.....
c - Spider Form           Tmut/Pois      #.........   24%         3    ###....


Dungeon Overview and Level Annotations

Branches:
Dungeon (4/15)
 Temple: D:4-7

Altars:
Elyvilon

Annotations:
D:3 st0uf's ghost, amateur NaTm


Innate Abilities, Weirdness & Mutations

You cannot wear boots.
Your serpentine skin is tough. (AC +2)
You have supernaturally acute eyesight. (SInv)
Armour fits poorly on your strangely shaped body.
Your system is resistant to poisons. (rPois)
You cover ground very slowly.
You have a slow metabolism.
You can spit poison.


Message History

Confirm with . or Enter, or press ? or * to list all spells.
You create a snake!
You now have 66 arrows.
The gnoll hits you but does no damage. The gnoll barely misses you.
You swap places.
The gnoll hits your adder!
Your adder barely misses the gnoll.
The gnoll hits your adder with a club.
Your adder dies!
Casting: Sticks to Snakes
Confirm with . or Enter, or press ? or * to list all spells.
You create a snake!
You now have 65 arrows.
The gnoll hits you.
* * * LOW HITPOINT WARNING * * *
You swap places.
The gnoll hits your ball python with a club!
Your ball python dies!
Press: ? - help, Shift-Dir - straight line, f/p - gnoll
Aim: a gnoll, wielding a club (almost dead)
The splash of poison hits the gnoll.
The gnoll is poisoned.
The gnoll is moderately wounded.
You feel slightly more hungry. The gnoll closely misses you.
The gnoll hits you.
You die...

#.......# #.......#
#.......# #.......#
########.......#
######..............###
#............###'####..
#......g.....#...#.....
#.....@g.....#..g#.....
#............#.))#....>
#.....########...'.....
#.....# #.g.##....
#####.....# ##...##(...
#...#.....# #..........
#...#.....# #...)......
#...#.....# #..........
#...'.....# #..........


You could see 2 gnolls.

Vanquished Creatures
  A scorpion (D:4)
  A hound (D:4)
  A gnoll shaman (D:4)
  2 worker ants (D:4)
  4 gnolls
  4 adders
  An ooze (D:2)
  A worm (D:2)
  4 dart slugs
  3 leopard geckos
  An orc (D:4)
  5 giant cockroaches
  6 goblins
  5 hobgoblins
  6 jackals
  2 ball pythons (D:4)
  8 bats
  4 frilled lizards
  4 kobolds
  10 rats
73 creatures vanquished.

Vanquished Creatures (others)
  A quokka (D:2)
1 creature vanquished.

Grand Total: 74 creatures vanquished

Notes
Turn   | Place    | Note
-------+----------+-------------------------------------------
     0 | D:1      | st0uf the Naga Transmuter began the quest for the Orb.
     0 | D:1      | Reached XP level 1. HP: 18/18 MP: 3/3
   183 | D:1      | Reached XP level 2. HP: 22/25 MP: 5/5
   589 | D:1      | Reached XP level 3. HP: 23/31 MP: 4/6
   929 | D:1      | Reached skill level 3 in Transmutations
  1060 | D:2      | Found a faded altar of an unknown god.
  1400 | D:2      | Reached XP level 4. HP: 26/38 MP: 8/8
  1540 | D:2      | Found a white marble altar of Elyvilon.
  1751 | D:2      | Learned a level 2 spell: Sticks to Snakes
  1755 | D:2      | Learned a level 3 spell: Spider Form
  2125 | D:3      | Noticed st0uf's ghost (amateur NaTm)
  2512 | D:4      | Reached skill level 4 in Transmutations
  2512 | D:4      | Reached XP level 5. HP: 44/44 MP: 7/9
  2742 | D:4      | Reached XP level 6. HP: 41/51 MP: 7/11
  2858 | D:4      | HP: 1/51 [gnoll (6)]
  2861 | D:4      | Slain by a gnoll

Vault maps used:
D:1:      mrwooster_arrival_arrow, patterned_corridor
D:2:      elyvilon_altar_4, ecumenical_altar_1, minmay_surrounded

Skill      XL: |  1  2  3  4 |
---------------+-------------+-----
Transmutations | 3 4 |  4.7
Spellcasting   | 3 |  3.7
Fighting       | |  1.4
Armour         | |  0.5
Dodging        | |  1.8
Unarmed Combat | |  3.5

Action                   |  1- 3 |  4- 6 || total
-------------------------+-------+-------++-------
Melee: Unarmed           |    62 |    59 ||   121
       Headbutt          |     9 |     5 ||    14
       Punch             |     1 |     1 ||     2
 Cast: Beastly Appendage |    14 |    12 ||    26
       Spider Form       |       |     5 ||     5
       Sticks to Snakes  |       |     6 ||     6
 Abil: Spit Poison       |    30 |    22 ||    52
  Eat: Chunk             |     2 |     6 ||     8
Armor: Robe              |    16 |    12 ||    28
       Skin              |       |     2 ||     2
Dodge: Dodged            |    42 |    61 ||   103
